 Dungeon Crawl Stone Soup version 0.28.0-53-g5a82cb258f (webtiles) character file.

Game seed: 7287037132792397087

1624423 LustLizard the Conqueror (level 27, 218/218 HPs)
             Began as a Minotaur Berserker on Aug 1, 2022.
             Was a High Priest of Trog.
             Escaped with the Orb
             ... and 3 runes!
             The game lasted 04:33:03 (76857 turns).

LustLizard the Conqueror (Minotaur Berserker)      Turns: 76857, Time: 04:33:04

Health: 218/218    AC: 45    Str: 25    XL:     27
Magic:  22/22      EV: 21    Int:  8    God:    Trog [*****.]
Gold:   4389       SH: 21    Dex: 22    Spells: 26/26 levels left

rFire   + + +      SeeInvis .   t - +9 broad axe (freeze)
rCold   + . .      Faith    .   N - +5 kite shield {rN+}
rNeg    + + +      Spirit   .   Q - +10 plate armour of Death's Door {rElec rN+ Str-2}
rPois   +          Reflect  .   d - +3 hat of Distant Shores {Regen+ Dex+3}
rElec   +          Harm     .   X - +2 cloak {rCorr}
rCorr   +          Rampage  .   R - +2 pair of gloves {Dex+3}
Will    +++++                   j - +2 pair of boots
Stlth   ..........              H - amulet "Riafeuvi" {rF+ rC+ rN++ Regen+ Dex+4}
HPRegen 2.06/turn               a - ring of Xom's Amusement {rElec rPois rF+ rN+ Stlth+}
MPRegen 0.18/turn               m - ring "Irusm" {rF+++ Will+ Dex-5}

@: hasted, studying Throwing, very quick
A: horns 2, retaliatory headbutt, thin skeletal structure 1, frail 2,
strong-willed 2, screaming 1
0: Orb of Zot
}: 3/15 runes: decaying, silver, gossamer
a: Renounce Religion, Berserk, Trog's Hand, Brothers in Arms


You escaped.
You worshipped Trog.
Trog was extremely pleased with you.
You visited 10 branches of the dungeon, and saw 51 of its levels.
You also visited: Gauntlet and Volcano.

You collected 10365 gold pieces.
You spent 5976 gold pieces at shops.

Inventory:

Hand Weapons
 i - the +5 battleaxe of Evangaonn {speed, Contam rF+ rC+ rN+++}
   (You found it on level 5 of the Vaults)

   Attacks with this weapon are significantly faster.
   rF:        It protects you from fire.
   rC:        It protects you from cold.
   rN:        It renders you almost immune to negative energy.
   Contam:    It causes magical contamination when unequipped.
 t - a +9 broad axe of freezing (weapon)
Missiles
 l - 9 boomerangs of dispersal
 r - 17 boomerangs
 y - 2 throwing nets
 z - 19 poisoned darts
 T - 3 silver boomerangs
 Y - 6 javelins
Armour
 d - the +3 hat of Distant Shores (worn) {Regen+ Dex+3}
   (You acquired it on level 1 of the Spider Nest)

   Dex:       It affects your dexterity (+3).
   Regen:     It increases your rate of health regeneration.
 j - a +2 pair of boots (worn)
 p - a scarf of repulsion
 u - a +5 kite shield of reflection
 N - a +5 kite shield of positive energy (worn)
 Q - the +10 plate armour of Death's Door (worn) {rElec rN+ Str-2}
   (You found it on level 4 of the Dungeon)

   Str:       It affects your strength (-2).
   rElec:     It insulates you from electricity.
   rN:        It protects you from negative energy.
 R - a +2 pair of gloves of dexterity (worn)
 X - a +2 cloak of preservation (worn)
Jewellery
 a - the ring of Xom's Amusement (left hand) {rElec rPois rF+ rN+ Stlth+}
   (You found it on level 3 of the Elven Halls)

   [ring of protection from fire]

   rF:        It protects you from fire.
   rElec:     It insulates you from electricity.
   rPois:     It protects you from poison.
   rN:        It protects you from negative energy.
   Stlth:     It makes you more stealthy.
 k - the ring of Noanuxot {Fly rC+ Str+4 Int+3}
   (You took it off an ironbound preserver on level 5 of the Vaults)

   [ring of flight]

   Str:       It affects your strength (+4).
   Int:       It affects your intelligence (+3).
   rC:        It protects you from cold.
   Fly:       It grants you flight.
 m - the ring "Irusm" (right hand) {rF+++ Will+ Dex-5}
   (You acquired it on level 5 of the Vaults)

   [ring of willpower]

   Dex:       It affects your dexterity (-5).
   rF:        It renders you almost immune to fire.
   Will:      It increases your willpower.
 v - a ring of see invisible
 H - the amulet "Riafeuvi" (around neck) {rF+ rC+ rN++ Regen+ Dex+4}
   (You took it off a vault guard on level 5 of the Vaults)

   [amulet of regeneration]

   Dex:       It affects your dexterity (+4).
   rF:        It protects you from fire.
   rC:        It protects you from cold.
   rN:        It greatly protects you from negative energy.
   Regen:     It increases your rate of health regeneration.
 V - an amulet of the acrobat
Wands
 o - a wand of iceblast (58)
 s - a wand of charming (11)
 F - a wand of digging (43) (quivered)
 G - a wand of polymorph (19)
 J - a wand of acid (30)
 L - a wand of mindburst (28)
 M - a wand of flame (86)
 U - a wand of paralysis (16)
Scrolls
 c - 7 scrolls of blinking
 f - 12 scrolls of fear
 n - a scroll of summoning
 q - 11 scrolls of enchant weapon
 w - 9 scrolls of teleportation
 C - a scroll of magic mapping
 D - 8 scrolls of fog
 K - 4 scrolls of holy word
Potions
 b - 7 potions of heal wounds
 e - 17 potions of curing
 h - 6 potions of might
 x - 8 potions of cancellation
 A - 7 potions of invisibility
 E - 7 potions of mutation
 I - 11 potions of ambrosia
 W - a potion of haste
 Z - 2 potions of resistance
Miscellaneous
 g - a phantom mirror
 B - a lightning rod (4/4)
 P - a box of beasts
 S - a phial of floods


   Skills:
 O Level 27 Fighting
 - Level 25.4 Axes
 - Level 21.2 Throwing
 + Level 23.3 Armour
 + Level 21.7 Dodging
 - Level 18.8 Shields
 - Level 17.7 Evocations


You had 26 spell levels left.
You didn't know any spells.
Your spell library was empty.

Dungeon Overview and Level Annotations

Branches:
Dungeon (15/15)            Temple (0/1) D:4            Lair (6/6) D:11
  Swamp (4/4) Lair:3       Spider (4/4) Lair:4        Slime (0/5) Lair:5
    Orc (2/2) D:9             Elf (3/3) Orc:2        Vaults (5/5) D:13
  Crypt (3/3) Vaults:2       Tomb (0/3) Crypt:3      Depths (4/4) D:15
    Zot (5/5) Depths:4    Volcano (visited)         Gauntlet (visited)

Altars:
Ashenzari
Cheibriados
Dithmenos
Elyvilon
Fedhas
Gozag
Kikubaaqudgha
Makhleb
Okawaru
Qazlal
Ru
Trog
Uskayaw
Vehumet
Wu Jian
Xom
Yredelemnul
Zin
The Shining One

Shops:
D:3 *=   D:5 *   D:15 !   Orc:2 *[(:*   Elf:2 ?=   Elf:3 *:==   Vaults:4 ([
Depths:1 *(![

Portals:
Hell: Depths:1 Depths:2 Depths:3 Depths:4
Abyss: Depths:3 Depths:4
Pandemonium: Depths:2 Depths:4
Ziggurat: Depths:1

Annotations:
Elf:1 6 runed translucent doors


Innate Abilities, Weirdness & Mutations

You have a pair of horns on your head.
You reflexively headbutt those who attack you in melee.
You have a somewhat thin skeletal structure. (Dex +2, Stealth+)
You are very frail. (-20% HP)
You are highly strong-willed. (Will++)
You occasionally shout uncontrollably at your foes.


Message History

Gejoh gestures.
An Orb Guardian comes into view.
Your surroundings suddenly seem different.
The Orb Guardian moves out of view.
There is a stone staircase leading up here.
You start resting.
HP restored.
You climb upwards.
There is a stone staircase leading down here.
There is a stone staircase leading up here.
You climb upwards.
There is a stone staircase leading down here.
A red devil comes into view. It is wielding a +0 trident.
The red devil moves out of view.
There is an open door here.
A cacodemon, an orange demon and a sixfirhy come into view.
The orange demon screeches!
There is a stone staircase leading up here.
You block the sixfirhy's attack. The sixfirhy completely misses you.
You furiously retaliate!
You headbutt the sixfirhy, but do no damage.
You block the sixfirhy's attack.
You climb upwards.
There is a stone staircase leading down here.
There is an open door here.
You open the door.
There is an open door here.
There is a stone staircase leading up here.
You climb upwards.
There is a stone staircase leading down here.
You yell at the soul eater!
A soul eater comes into view.
You feel yourself speed up.
Aiming: Dig
Press: ? - help, Q - select action, (/) - cycle Shift-Dir - straight line You can't see that place. [the floor.]
The rock shatters into small pieces.
There is a staircase leading out of the dungeon here.
You have escaped!

##.##########.....#######........
##.# ####....................
##########.............##........
.........'..............#..#.#...
##########....####......#........
####..# #......#........ ##.#
#......#..#.....
#.###...............
#..@..####.#..###..# #.#.#.#
#.#..#..... #.#.#.####.#..#.....
#.#.#...............
#.#.######.##[....#.
#.#..###.#.##.#...#.
#.#...##........#.#.
#.'....###....>.....
###..#..##.#รท.#...#.


There were no monsters in sight!

Vanquished Creatures
  3 dread liches (Zot:5)
  4 orbs of fire
  3 ancient liches
  4 Killer Klowns
  Xtahua (Vaults:4)
  Margery (Vaults:5)
  Bai Suzhen (Swamp:3)
  15 golden dragons
  3 curse toes
  Arachne (Spider:3)
  4 electric golems
  13 tentacled monstrosities
  An Ice Fiend (Zot:5)
  A shard shrike skeleton (Crypt:1)
  29 Orb Guardians
  2 liches
  3 quicksilver dragons
  5 titans (Vaults:5)
  3 deep elf blademasters
  10 acid blobs (Zot:1)
  3 deep elf master archers (Elf:3)
  An ancient champion (Crypt:2)
  10 death cobs
  2 thorn hunters
  5 sphinxes
  14 shadow dragons
  Kirke (D:14)
  Donald (Spider:3)
  15 storm dragons
  Roxanne (Swamp:4)
  7 tengu reavers
  4 revenants
  5 draconian monks
  The ghost of cbfl8 the Executioner, a journeyman MiBe of Trog (Lair:6)
  The ghost of mortz the Slicer, an adept KoEE of Elyvilon (Spider:3)
  11 fire giants
  5 orc warlords
  11 draconian scorchers
  A curse skull (Crypt:1)
  7 deep elf sorcerers
  9 frost giants
  8 ghost moths
  9 draconian knights
  4 emperor scorpions
  3 draconian stormcallers
  23 vault wardens
  2 draconian shifters (Zot:4)
  4 deep elf elementalists (Elf:3)
  4 draconian annihilators
  A juggernaut zombie (Crypt:3)
  2 juggernaut skeletons (Depths:3)
  24 ironbound preservers
  3 spriggan defenders (Depths:3)
  2 reapers
  2 caustic shrike skeletons
  2 ghouls (Crypt:1)
  3 war gargoyles
  A broodmother (Spider:4)
  12 stone giants
  3 eleionomae
  11 green draconians
  10 dire elephants
  9 ironbound thunderhulks
  31 very ugly things
  19 vampire knights
  10 deep elf annihilators
  6 deep elf demonologists
  13 purple draconians
  12 black draconians
  2 entropy weavers
  7 red draconians
  9 white draconians
  A minotaur (Gauntlet)
  18 spark wasps
  30 yellow draconians
  2 bunyips
  3 eidola
  14 deep elf death magi
  15 ettins
  A mummy priest (Crypt:3)
  11 fire dragons
  7 deep elf high priests
  4 shambling mangroves
  An elf zombie (Crypt:1)
  17 yaktaur captains
  4 great orbs of eyes
  15 jiangshi
  A peacekeeper (Vaults:4)
  A spriggan zombie (Crypt:2)
  34 vault guards
  5 boulder beetles
  4 rakshasas
  15 hydras
  6 spriggan air magi
  4 ghost crabs
  2 hydras (shapeshifter) (Vaults:5)
  5 ogre magi
  A catoblepas (D:10)
  11 ice dragons
  A salamander tyrant (Depths:3)
  13 centaur warriors
  2 jorogumos (Spider:3)
  5 spriggan skeletons
  8 ironbound frosthearts
  A radroach (Spider:1)
  A jorogumo (shapeshifter) (Vaults:5)
  17 two-headed ogres
  4 death knights
  11 alligators
  33 dancing weapons
  A death scarab (Spider:4)
  8 deep troll shamans
  13 tengu warriors
  9 deep troll earth magi
  2 titan zombies (Crypt:3)
  13 vampire magi
  5 orc high priests
  A spriggan berserker (Depths:1)
  11 hell knights
  24 deep elf knights
  3 soul eaters
  A sun demon (Depths:3)
  A sixfirhy (D:5)
  The ghost of SanguineChosen the Cleaver, a novice MiBe of Trog (D:7)
  A fire crab (shapeshifter) (Elf:3)
  2 titan skeletons (Depths:3)
  49 skeletal warriors
  A shadow wraith (Depths:2)
  5 pharaoh ants
  A salamander mystic (Volcano)
  10 iron trolls
  A sun moth (Spider:4)
  66 deep trolls
  6 goliath frogs
  3 steelbarb worms
  3 anaconda zombies
  13 deep elf archers
  7 flayed ghosts
  7 orb spiders
  2 glowing orange brains
  A spectral hydra (Swamp:4)
  3 swamp dragons (Swamp:4)
  An orange crystal statue (Vaults:3)
  7 bog bodies
  An anaconda skeleton (Crypt:2)
  A bunyip skeleton (Crypt:3)
  10 spriggan druids
  A shadow dragon zombie (Crypt:3)
  2 harpies (shapeshifter)
  28 phantasmal warriors
  An iron giant skeleton (Crypt:2)
  15 ironbound convokers
  20 deep elf zephyrmancers
  9 lindwurms
  5 golden dragon skeletons (Depths:3)
  An entropy weaver zombie (Crypt:3)
  6 wizards
  20 orc knights
  12 necromancers
  A shining eye (shapeshifter) (Depths:4)
  7 orc sorcerers
  16 wolf spiders
  30 deep elf pyromancers
  A harpy (Lair:6)
  A frost giant zombie (Vaults:4)
  A tengu skeleton (Depths:3)
  A tengu zombie (Vaults:4)
  A stone giant zombie (Crypt:3)
  An eleionoma zombie (Crypt:1)
  9 cyclopes
  7 salamanders
  28 ugly things
  5 will-o-the-wisps
  3 iron dragon skeletons (Depths:3)
  11 oklob plants
  A manticore (D:13)
  5 sphinx skeletons (Depths:3)
  31 moths of wrath
  2 frost giant skeletons
  A black mamba (shapeshifter) (D:15)
  3 black mambas
  3 dire elephant zombies
  14 vault sentinels
  14 elephants
  2 stone giant skeletons
  A water nymph (shapeshifter) (Gauntlet)
  2 torpor snails
  3 centaur skeletons
  2 molten gargoyles (Volcano)
  4 cane toads
  A fire giant skeleton (Depths:3)
  3 gargoyles
  An alligator snapping turtle zombie (Crypt:3)
  A minotaur zombie (Crypt:2)
  4 komodo dragons
  3 rime drakes
  41 yaktaurs
  12 demonic crawlers
  An unseen horror (D:11)
  3 tengu conjurers
  A catoblepas skeleton (Crypt:1)
  15 freezing wraiths
  8 guardian mummies (Crypt:3)
  3 death drake zombies (Swamp:4)
  12 trolls
  A harpy zombie (Crypt:1)
  A bloated husk (Swamp:1)
  13 meliai
  A sea snake skeleton (Crypt:2)
  16 tyrant leeches
  7 polar bears
  19 tarantellas
  18 hornets
  A hornet (shapeshifter) (D:15)
  2 wind drakes (Lair:6)
  A culicivora zombie (Crypt:1)
  6 hydra skeletons
  38 slime creatures
  9 blink frogs
  An ettin zombie (Crypt:3)
  39 jumping spiders
  A snapping turtle (Lair:6)
  7 spriggans
  13 flying skulls
  A culicivora (shapeshifter) (Gauntlet)
  3 black mamba zombies
  A vampire (D:12)
  An air elemental (Elf:1)
  3 ettin skeletons
  4 small abominations (Gauntlet)
  5 wyverns
  23 culicivoras
  19 water elementals
  12 humans
  A shadow (D:10)
  2 large abominations (Gauntlet)
  18 wraiths
  2 yaks (shapeshifter) (D:15)
  2 fire bats (Volcano)
  6 golden eyes (Zot:5)
  5 hogs (D:14)
  39 yaks
  4 vampire mosquitoes (D:13)
  Grum (Lair:1)
  A hog (shapeshifter) (Gauntlet)
  39 redbacks
  3 steam dragons
  6 wargs
  3 acid dragons
  12 swamp worms
  A deep troll zombie (Crypt:1)
  2 naga zombies
  14 water moccasins
  A deep troll skeleton (Crypt:1)
  2 hell hounds (Lair:6)
  5 hydra simulacra (Swamp:4)
  5 swamp drakes
  A black mamba simulacrum (Crypt:3)
  56 orc warriors
  7 ice beasts (D:9)
  2 black bears
  2 human zombies (Vaults:4)
  3 sky beasts
  12 ogres
  A swamp dragon zombie (Swamp:4)
  3 necrophages (Crypt:1)
  2 boggarts
  29 wolves
  A human skeleton (Vaults:4)
  4 swamp dragon skeletons
  13 centaurs
  A dream sheep skeleton (Crypt:3)
  A rime drake zombie (Crypt:2)
  2 kobold brigands (D:7)
  A fire crab zombie (Crypt:3)
  5 bullfrogs
  An earth elemental (Elf:1)
  A deep troll simulacrum (Crypt:3)
  2 scorpions
  A palentonga skeleton (Crypt:2)
  3 water moccasin zombies
  A wyvern skeleton (Crypt:3)
  A cyclops skeleton (Crypt:1)
  A raiju zombie (Crypt:1)
  A yak zombie (Crypt:2)
  9 killer bees
  A raiju skeleton (Crypt:3)
  A yak skeleton (Crypt:1)
  4 wights (D:10)
  A howler monkey (D:8)
  7 electric eels
  6 lava snakes
  5 centaur zombies
  2 human simulacra
  18 jellies (Zot:1)
  3 hounds
  22 orc priests
  A bullfrog skeleton (D:6)
  A gnoll shaman (D:8)
  2 iguanas (D:5)
  20 orc wizards
  A black bear skeleton (Crypt:1)
  3 centaur simulacra (D:9)
  A felid skeleton (Crypt:3)
  3 mummies (Crypt:3)
  A killer bee simulacrum (D:9)
  A hound skeleton (Crypt:2)
  9 gnolls
  6 adders
  A shadow imp (D:6)
  7 white imps
  A howler monkey simulacrum (D:9)
  2 ufetubi (D:9)
  2 adder skeletons
  2 worms (D:2)
  5 dart slugs
  112 orcs
  8 endoplasms
  12 giant cockroaches
  4 goblins
  5 hobgoblins
  6 jackals
  3 quokkas
  5 ball pythons
  A ball python zombie (Crypt:3)
  9 bats
  2 frilled lizards
  A frilled lizard skeleton (Crypt:1)
  13 kobolds
  An orc skeleton (Crypt:1)
  8 rats
  A butterfly (Lair:6)
2472 creatures vanquished.

Vanquished Creatures (collateral kills)
  Khufu (Crypt:3)
  An orb of fire (Zot:5)
  A royal mummy (Crypt:3)
  Saint Roka (Vaults:5)
  Frederick (Crypt:3)
  The ghost of theMacoje the Slayer, an adept OgEn of Okawaru (Vaults:3)
  A draconian shifter (Zot:3)
  2 stone giants
  An ironbound preserver (Vaults:5)
  A very ugly thing (Depths:3)
  A vampire knight (Depths:2)
  A green draconian (Zot:3)
  A purple draconian (Zot:3)
  A dire elephant (Vaults:4)
  2 vault guards (Vaults:5)
  A merfolk avatar (Lair:6)
  A hell knight (Vaults:5)
  A deep troll (Depths:4)
  A goliath frog (shapeshifter) (Vaults:5)
  An orc knight (Vaults:5)
  5 elephants (Lair:6)
  A cane toad (Lair:6)
  A komodo dragon (Lair:6)
  3 yaktaurs (Vaults:5)
  A wind drake (Lair:6)
  A steam dragon (Lair:6)
  A water moccasin (Lair:6)
  An orc warrior (Vaults:5)
  An orc (Vaults:5)
  A butterfly (Lair:6)
38 creatures vanquished.

Vanquished Creatures (others)
  A draconian knight (Zot:5)
  A vault warden (Vaults:5)
  An eleionoma (Swamp:2)
  A vault guard (Vaults:5)
  An alligator (Swamp:2)
  A deep elf knight (Elf:3)
  3 bloated husks (Swamp:1)
  An orc wizard (Vaults:5)
  An orc (Vaults:5)
  A kobold (Depths:1)
  31 foxfires
  40 fungi
  98 plants
  3 withered plants (Gauntlet)
184 creatures vanquished.

Grand Total: 2694 creatures vanquished

Notes
Turn   | Place    | Note
-------+----------+-------------------------------------------
     0 | D:1      | LustLizard the Minotaur Berserker began the quest for the
                  | Orb.
     0 | D:1      | Reached XP level 1. HP: 19/19 MP: 0/0
   353 | D:1      | Reached XP level 2. HP: 27/27 MP: 1/1
   409 | D:1      | Reached skill level 4 in Fighting
   753 | D:1      | Reached ** piety under Trog
   824 | D:1      | Reached XP level 3. HP: 33/33 MP: 2/2
   935 | D:1      | Found a faded altar of an unknown god.
  1466 | D:2      | Noticed a scorpion
  1473 | D:2      | Killed a scorpion
  1474 | D:2      | Reached skill level 5 in Axes
  1474 | D:2      | Reached XP level 4. HP: 41/41 MP: 3/3
  2489 | D:3      | Noticed a scorpion
  2500 | D:3      | Killed a scorpion
  2501 | D:3      | Reached skill level 5 in Fighting
  2501 | D:3      | Reached skill level 1 in Throwing
  2501 | D:3      | Reached XP level 5. HP: 5/48 MP: 4/4
  2502 | D:2      | HP: 3/72 [poisoned by a scorpion]
  3101 | D:3      | Found a snail-covered altar of Cheibriados.
  3387 | D:3      | Reached XP level 6. HP: 55/56 MP: 5/5
  3398 | D:3      | Found Ybysa's Assorted Antiques.
  3423 | D:3      | Found Fafaekh's Jewellery Emporium.
  4076 | D:4      | Reached *** piety under Trog
  4322 | D:4      | Found a staircase to the Ecumenical Temple.
  4577 | D:5      | Entered Level 5 of the Dungeon
  4592 | D:5      | Found a stormy altar of Qazlal.
  4728 | D:5      | Reached skill level 1 in Evocations
  4910 | D:5      | Reached XP level 7. HP: 62/62 MP: 6/6
  5096 | D:5      | Found a broken altar of Ashenzari.
  5103 | D:5      | Found a shadowy altar of Dithmenos.
  5103 | D:5      | Found a radiant altar of Vehumet.
  5104 | D:5      | Found a white marble altar of Elyvilon.
  5105 | D:5      | Found an ornate altar of the Wu Jian Council.
  5106 | D:5      | Found an ancient bone altar of Kikubaaqudgha.
  5107 | D:5      | Found a bloodstained altar of Trog.
  5172 | D:5      | Found Kuwahits's Assorted Antiques.
  5556 | D:6      | Reached skill level 6 in Fighting
  5699 | D:6      | Noticed a hornet
  5703 | D:6      | Paralysed by a hornet for 2 turns
  5708 | D:6      | Killed a hornet
  5709 | D:6      | Reached XP level 8. HP: 57/70 MP: 7/7
  5840 | D:6      | Found an iron altar of Okawaru.
  5841 | D:6      | Found a basalt altar of Yredelemnul.
  6438 | D:7      | Reached skill level 5 in Throwing
  6480 | D:7      | Noticed SanguineChosen's ghost (novice MiBe)
  6483 | D:7      | Found a runed translucent door.
  6690 | D:7      | Reached **** piety under Trog
  6807 | D:7      | Reached skill level 7 in Fighting
  7013 | D:7      | Reached XP level 9. HP: 79/79 MP: 8/8
  7068 | D:7      | Found a glowing golden altar of the Shining One.
  7245 | D:4      | Identified the +10 plate armour of Death's Door {rElec rN+
                  | Str-2}
  7368 | D:7      | Killed SanguineChosen's ghost
  7369 | D:7      | Reached skill level 5 in Evocations
  7664 | D:8      | Reached skill level 10 in Axes
  7835 | D:8      | Reached skill level 8 in Fighting
  8055 | D:8      | Reached XP level 10. HP: 84/88 MP: 9/9
  8493 | D:9      | Found a glowing silver altar of Zin.
  8533 | D:9      | Found a staircase to the Orcish Mines.
  8552 | D:9      | Reached ***** piety under Trog
  8988 | D:9      | Received a gift from Trog
  9540 | D:9      | Reached skill level 9 in Fighting
  9777 | D:10     | Entered Level 10 of the Dungeon
  9984 | D:10     | Reached XP level 11. HP: 97/97 MP: 10/10
 10030 | D:10     | Noticed a boulder beetle
 10205 | D:3      | Bought the ring "Ciluracw" {rPois rC+ Str+2} for 420 gold
                  | pieces
 10224 | D:3      | Bought a viscous inky potion for 20 gold pieces
 10224 | D:3      | Bought a scroll labelled PICIALUT GYBRU for 23 gold pieces
 10224 | D:3      | Bought a scroll of identify for 46 gold pieces
 10224 | D:3      | Bought a scroll labelled JANEUF TUOBO for 23 gold pieces
 10372 | Orc:1    | Entered Level 1 of the Orcish Mines
 10372 | Orc:1    | Noticed an orc sorcerer
 10388 | Orc:1    | Killed an orc sorcerer
 11109 | Orc:2    | Entered Level 2 of the Orcish Mines
 11109 | Orc:2    | Found a burning altar of Makhleb.
 11289 | Orc:2    | Noticed an orc knight
 11315 | Orc:2    | Killed an orc knight
 11326 | Orc:2    | Noticed an orc knight
 11352 | Orc:1    | Killed an orc knight
 11418 | Orc:2    | Found a staircase to the Elven Halls.
 11452 | Orc:2    | Found Jaxtauffe's General Store.
 11469 | Orc:2    | Bought a potion of curing for 54 gold pieces
 11560 | Orc:2    | Noticed an orc warlord
 11731 | Orc:2    | Received a gift from Trog
 11767 | Orc:2    | Found Tuakh's Antique Armour Boutique.
 11767 | Orc:2    | Noticed an orc sorcerer
 11767 | Orc:2    | Noticed an orc high priest
 11794 | Orc:2    | Noticed a sixfirhy
 11797 | Orc:2    | Killed an orc high priest
 11801 | Orc:2    | Killed an orc sorcerer
 11802 | Orc:2    | Reached skill level 10 in Fighting
 11802 | Orc:2    | Reached skill level 10 in Throwing
 11802 | Orc:2    | Noticed an orc high priest
 11808 | Orc:2    | Noticed an orc knight
 11809 | Orc:2    | Found Jianaef's Book Shop.
 11894 | Orc:2    | Killed an orc high priest
 11959 | Orc:2    | Noticed an orc sorcerer
 11972 | Orc:2    | Killed an orc sorcerer
 11977 | Orc:2    | Noticed an orc knight
 11987 | Orc:2    | Noticed an orc warlord
 12007 | Orc:2    | Found Qacup's General Store.
 12132 | Orc:2    | Killed an orc knight
 12133 | Orc:2    | Reached XP level 12. HP: 71/106 MP: 11/11
 12255 | Orc:2    | Noticed an orc high priest
 12282 | Orc:2    | Killed an orc warlord
 12377 | Orc:2    | Killed an orc high priest
 12458 | Orc:2    | Found Ubysock's Antique Weapon Boutique.
 12655 | Orc:2    | Bought a scroll of identify for 28 gold pieces
 12727 | Orc:2    | Killed an orc warlord
 13064 | D:10     | Noticed a two-headed ogre
 13072 | D:10     | Killed a two-headed ogre
 13123 | D:10     | Killed a boulder beetle
 13206 | D:10     | Noticed a catoblepas
 13207 | D:10     | Identified the +3 broad axe of Cataclysm {protect, Int+4}
 13216 | D:10     | Reached skill level 10 in Evocations
 13222 | D:10     | Killed a catoblepas
 13226 | D:10     | Reached skill level 11 in Fighting
 13506 | D:10     | Identified the +5 hand axe of Mexe {flame, Fragile rElec
                  | rCorr Str-4} (Trog gifted it to you on level 10 of the
                  | Dungeon)
 13506 | D:10     | Received a gift from Trog
 14047 | D:11     | Found a staircase to the Lair.
 14283 | Lair:1   | Entered Level 1 of the Lair of Beasts
 14328 | Lair:1   | Noticed a five-headed hydra
 14340 | Lair:1   | Killed a three-headed hydra
 14389 | Lair:1   | Noticed Grum
 14393 | Lair:1   | Reached skill level 15 in Axes
 14399 | Lair:1   | Killed Grum
 14672 | Lair:1   | Reached XP level 13. HP: 116/116 MP: 12/12
 16206 | Lair:3   | Identified the ring of Pymisu {Fire rCorr Str+5 Dex+4}
 16510 | Lair:3   | Reached skill level 5 in Armour
 16512 | Lair:3   | Identified the +9 hand axe of Anuaber {freeze, rN+ Int+3}
 16637 | Lair:3   | Found a staircase to the Swamp.
 16913 | Lair:4   | Reached skill level 5 in Dodging
 16948 | Lair:4   | Found an opulent altar of Gozag.
 16990 | Lair:4   | Found a hole to the Spider Nest.
 17716 | Lair:5   | Reached skill level 12 in Fighting
 17822 | Lair:5   | Received a gift from Trog
 17905 | Lair:5   | Found an ornate altar of the Wu Jian Council.
 17906 | Lair:5   | Found a hide-covered altar of Uskayaw.
 18289 | Lair:5   | Found a staircase to the Slime Pits.
 18602 | Lair:6   | Entered Level 6 of the Lair of Beasts
 18627 | Lair:5   | Reached XP level 14. HP: 38/126 MP: 13/13
 19229 | Lair:6   | Found a dark tunnel.
 19244 | Volcano  | Entered a volcano
 19535 | Volcano  | Found a bloodstained altar of Trog.
 20004 | Lair:6   | Found a runed translucent door.
 20005 | Lair:6   | Noticed cbfl8's ghost (journeyman MiBe)
 20082 | Lair:6   | Identified the +6 trident of Generosity {antimagic, rF+
                  | rC+}
 20491 | Lair:6   | Killed cbfl8's ghost
 20967 | D:12     | Reached skill level 13 in Fighting
 21581 | D:13     | Found a gate to the Vaults.
 22092 | D:13     | Identified the +10 short sword "Eniam" {spect, rF++ Will+
                  | MP+9 Str+4}
 22131 | D:13     | Reached skill level 1 in Shields
 22296 | D:13     | Reached XP level 15. HP: 134/135 MP: 14/14
 22298 | D:13     | Reached skill level 10 in Armour
 22436 | D:13     | Found a radiant altar of Vehumet.
 22676 | D:14     | Noticed Kirke
 22737 | D:14     | Found a gate leading to a gauntlet.
 22811 | Gauntlet | Entered a Gauntlet
 22811 | Gauntlet | Found a transporter.
 22811 | Gauntlet | Found a transporter.
 22815 | Gauntlet | Found a transporter.
 22833 | Gauntlet | Found a transporter.
 22843 | Gauntlet | Found a transporter.
 22843 | Gauntlet | Found a transporter.
 22846 | Gauntlet | Found a transporter.
 22873 | Gauntlet | Found a transporter.
 22880 | Gauntlet | Found a transporter.
 22889 | Gauntlet | Found a transporter.
 22898 | Gauntlet | Found a transporter.
 22902 | Gauntlet | Found a large runed translucent door.
 22937 | Gauntlet | Found a transporter.
 22939 | Gauntlet | Found a large runed translucent door.
 22939 | Gauntlet | Found a large runed translucent door.
 22940 | Gauntlet | Found a large runed translucent door.
 22940 | Gauntlet | Found a large runed translucent door.
 22941 | Gauntlet | Found a runed translucent door.
 22941 | Gauntlet | Found a large runed translucent door.
 22941 | Gauntlet | Found a runed translucent door.
 22941 | Gauntlet | Found a large runed translucent door.
 22941 | Gauntlet | Found a large runed translucent door.
 22942 | Gauntlet | Found a large runed translucent door.
 22942 | Gauntlet | Found a large runed translucent door.
 22945 | Gauntlet | Found a large runed translucent door.
 22945 | Gauntlet | Found a large runed translucent door.
 22947 | Gauntlet | Found a large runed translucent door.
 22947 | Gauntlet | Found a large runed translucent door.
 22947 | Gauntlet | Found a large runed translucent door.
 22949 | Gauntlet | Found a runed translucent gate.
 22949 | Gauntlet | Found a runed translucent gate.
 22949 | Gauntlet | Found a runed translucent gate.
 22951 | Gauntlet | Found a transporter.
 22962 | Gauntlet | Found a large runed translucent door.
 23041 | Gauntlet | Found a transporter.
 23051 | Gauntlet | Found a transporter.
 23067 | Gauntlet | Found a transporter.
 23593 | Gauntlet | Identified the +0 ring mail "Atsaito" {rCorr Int+3}
 23922 | D:14     | Killed Kirke
 23976 | D:14     | Received a gift from Trog
 24816 | Spider:1 | Entered Level 1 of the Spider Nest
 25028 | Spider:1 | Reached skill level 5 in Shields
 25584 | Spider:1 | Identified a scroll of acquirement
 25585 | Spider:1 | Acquired the +3 hat of Distant Shores {Regen+ Dex+3}
 25814 | Spider:1 | Reached skill level 10 in Dodging
 26139 | Spider:1 | Received a gift from Trog
 26826 | Spider:1 | Gained mutation: You are dopey. (Int -2) [mutagenic glow]
 27164 | Spider:2 | Reached XP level 16. HP: 139/145 MP: 15/15
 27224 | Spider:2 | Reached skill level 15 in Throwing
 27728 | Spider:3 | Noticed Donald
 27747 | Spider:3 | Killed Donald
 27748 | Spider:3 | Reached skill level 14 in Fighting
 28189 | Spider:3 | Found a runed translucent door.
 28191 | Spider:3 | Noticed mortz's ghost (adept KoEE)
 28478 | Spider:3 | Killed mortz's ghost
 28483 | Spider:3 | Identified the +10 great sword "Notay" {speed, Drain Fly
                  | rF+}
 28503 | Spider:4 | Entered Level 4 of the Spider Nest
 28503 | Spider:4 | Noticed Arachne
 28529 | Spider:3 | Received a gift from Trog
 28594 | Spider:3 | Killed Arachne
 29727 | Spider:4 | Received a gift from Trog
 30438 | Spider:4 | Got a gossamer rune of Zot
 30873 | D:15     | Entered Level 15 of the Dungeon
 30927 | D:15     | Reached skill level 10 in Shields
 30986 | D:15     | Reached XP level 17. HP: 134/154 MP: 16/16
 30996 | D:15     | Received a gift from Trog
 31248 | D:15     | Found an opulent altar of Gozag.
 31465 | D:15     | Found a staircase to the Depths.
 31769 | D:15     | Found Rabryrhy's Distillery.
 32023 | Swamp:1  | Entered Level 1 of the Swamp
 32097 | Swamp:1  | Reached skill level 15 in Fighting
 33505 | Swamp:3  | Noticed Bai Suzhen
 33570 | Swamp:3  | Killed Bai Suzhen
 34375 | Swamp:4  | Entered Level 4 of the Swamp
 34680 | Swamp:4  | Identified the +1 fire dragon scales of Past Mistakes
                  | {Rampage rF++ rC- rN+ Int+2}
 34703 | Swamp:4  | Reached XP level 18. HP: 158/163 MP: 17/17
 34806 | Swamp:4  | Paralysed by something for 3 turns
 34820 | Swamp:4  | Received a gift from Trog
 35595 | Swamp:4  | Found a basalt altar of Yredelemnul.
 35614 | Swamp:4  | Got a decaying rune of Zot
 35638 | Swamp:4  | Found a blossoming altar of Fedhas.
 35806 | Swamp:4  | Identified Roxanne's Grimoire of Shape Shifting
 35806 | Swamp:4  | Noticed Roxanne
 35865 | Swamp:4  | Killed Roxanne
 36245 | Vaults:1 | Entered Level 1 of the Vaults
 36447 | Vaults:1 | Received a gift from Trog
 36613 | Vaults:1 | Reached skill level 16 in Fighting
 37573 | D:5      | Bought a scroll of enchant weapon for 180 gold pieces
 37573 | D:5      | Bought a scroll of enchant weapon for 180 gold pieces
 37573 | D:5      | Bought a scroll of teleportation for 72 gold pieces
 37573 | D:5      | Bought a dented emerald amulet for 120 gold pieces
 38417 | Vaults:2 | You fall into a shaft and drop 2 floors!
 38475 | Vaults:4 | Noticed Xtahua
 38487 | Vaults:4 | Reached XP level 19. HP: 127/174 MP: 18/18
 38493 | Vaults:4 | Killed Xtahua
 38494 | Vaults:4 | Reached skill level 17 in Fighting
 38682 | Vaults:4 | Found Umataged's Weapon Emporium.
 38721 | Vaults:4 | Received a gift from Trog
 38723 | Vaults:4 | Reached skill level 15 in Shields
 38794 | Vaults:4 | Found Yhyw's Armour Boutique.
 38892 | Vaults:4 | Reached ****** piety under Trog
 39419 | Vaults:4 | Reached skill level 18 in Fighting
 39453 | Vaults:4 | Identified the +1 broad axe of Fear {vorpal, rPois rC-
                  | Str+4} (Trog gifted it to you on level 4 of the Vaults)
 39453 | Vaults:4 | Received a gift from Trog
 39843 | Vaults:3 | Reached skill level 15 in Armour
 40445 | Vaults:3 | Found a transporter.
 40446 | Vaults:3 | Found the dreamshard necklace {*Dream Drain}
 40449 | Vaults:3 | Received a gift from Trog
 40461 | Vaults:3 | Found a transporter.
 40508 | Vaults:3 | Found a large runed translucent door.
 40508 | Vaults:3 | Found a large runed translucent door.
 40509 | Vaults:3 | Noticed theMacoje's ghost (adept OgEn)
 41108 | Vaults:3 | Killed theMacoje's ghost
 41109 | Vaults:3 | Reached skill level 19 in Fighting
 41109 | Vaults:3 | Reached XP level 20. HP: 191/191 MP: 19/19
 41499 | Vaults:2 | Found a staircase to the Crypt.
 41499 | Vaults:2 | Found a basalt altar of Yredelemnul.
 41499 | Vaults:2 | Found an ancient bone altar of Kikubaaqudgha.
 42021 | Vaults:2 | Received a gift from Trog
 42289 | Vaults:3 | Identified the +1 hat of Spring Thaw {Regen+ rCorr}
 42292 | Vaults:3 | Identified the +8 halberd "Qadworph Imag" {drain, rCorr}
 42557 | Elf:1    | Entered Level 1 of the Elven Halls
 42674 | Elf:1    | Reached skill level 20 in Fighting
 42969 | Elf:1    | Paralysed by an air elemental for 1 turns
 43065 | Elf:1    | Received a gift from Trog
 43261 | Elf:1    | Reached skill level 15 in Dodging
 43545 | Elf:1    | Found a runed translucent gate.
 43545 | Elf:1    | Found a runed translucent gate.
 43545 | Elf:1    | Found a runed translucent gate.
 43545 | Elf:1    | Found a runed translucent gate.
 43545 | Elf:1    | Found a runed translucent gate.
 43555 | Elf:1    | Found a runed translucent gate.
 43676 | Elf:2    | Found Qucahixo's Jewellery Boutique.
 43823 | Elf:2    | Received a gift from Trog
 43852 | Elf:2    | Found Femne's Magic Scroll Emporium.
 43860 | Elf:2    | Bought a scroll of acquirement for 728 gold pieces
 43864 | Elf:2    | Acquired 879 gold pieces
 43988 | Elf:2    | Found a runed translucent gate.
 43988 | Elf:2    | Found a runed translucent gate.
 43988 | Elf:2    | Found a runed translucent gate.
 44474 | Elf:2    | Reached skill level 21 in Fighting
 44474 | Elf:2    | Reached skill level 15 in Evocations
 44474 | Elf:2    | Reached XP level 21. HP: 177/204 MP: 20/20
 45054 | Depths:1 | Entered Level 1 of the Depths
 45085 | Depths:1 | Paralysed by a vampire knight for 2 turns
 45151 | Depths:1 | Found a sacrificial altar of Ru.
 45208 | Depths:1 | Found a gateway to Hell.
 45438 | Vaults:4 | Bought a +2 pair of boots for 231 gold pieces
 45720 | Depths:1 | Found a one-way gateway to a ziggurat.
 45872 | Depths:1 | Found a shimmering altar of Xom.
 45949 | Depths:1 | Received a gift from Trog
 46085 | Depths:1 | Found Siemoxiz's Distillery.
 46085 | Depths:1 | Found Suym's Armour Emporium.
 46085 | Depths:1 | Found Xuthatt's General Store.
 46254 | Depths:1 | Found Foamiren's Antique Weapon Emporium.
 46275 | Depths:1 | Bought a scroll of blinking for 135 gold pieces
 46275 | Depths:1 | Bought 2 potions of haste for 360 gold pieces
 46278 | Depths:1 | Bought a potion of curing for 30 gold pieces
 46278 | Depths:1 | Bought a potion of curing for 30 gold pieces
 46278 | Depths:1 | Bought a potion of curing for 30 gold pieces
 46278 | Depths:1 | Bought a potion of curing for 30 gold pieces
 46278 | Depths:1 | Bought a potion of heal wounds for 50 gold pieces
 46719 | Depths:2 | Found a hide-covered altar of Uskayaw.
 46808 | Depths:2 | Found a one-way gate leading to the halls of Pandemonium.
 46877 | Depths:2 | Reached skill level 22 in Fighting
 47184 | Depths:2 | Paralysed by a great orb of eyes for 7 turns
 47318 | Depths:2 | Noticed an ancient lich
 47632 | Depths:2 | Received a gift from Trog
 47808 | Depths:2 | Paralysed by a vampire knight for 4 turns
 47820 | Depths:2 | Killed an ancient lich
 48271 | Depths:3 | Reached XP level 22. HP: 181/217 MP: 21/21
 48539 | Depths:3 | Found a one-way gate to the infinite horrors of the Abyss.
 48575 | Depths:3 | Received a gift from Trog
 48656 | Depths:3 | Reached skill level 23 in Fighting
 49037 | Depths:3 | Identified the +8 quarterstaff of Rasir {freeze, rN+ Int+7}
 49554 | Depths:4 | Entered Level 4 of the Depths
 49586 | Depths:4 | Received a gift from Trog
 50207 | Elf:3    | Entered Level 3 of the Elven Halls
 50219 | Elf:3    | Found an ancient bone altar of Kikubaaqudgha.
 50286 | Elf:3    | Found Puc Itwa's Overcharged Wands.
 50332 | Elf:3    | Lost mutation: You are dopey. (Int -2) [potion of mutation]
 50332 | Elf:3    | Gained mutation: You are weak. (Str -2) [potion of
                  | mutation]
 50332 | Elf:3    | Gained mutation: Your natural rate of healing is unusually
                  | fast. [potion of mutation]
 50333 | Elf:3    | Lost mutation: Your natural rate of healing is unusually
                  | fast. [potion of mutation]
 50333 | Elf:3    | Lost mutation: You are weak. (Str -2) [potion of mutation]
 50333 | Elf:3    | Gained mutation: You expend magic power (3 MP) to
                  | strengthen your wands. [potion of mutation]
 50333 | Elf:3    | Gained mutation: Your body sometimes deteriorates upon
                  | taking damage. [potion of mutation]
 50333 | Elf:3    | Gained mutation: Your mind is acute. (Int +2) [potion of
                  | mutation]
 50333 | Elf:3    | Gained mutation: You passively map a small area around you.
                  | [potion of mutation]
 50334 | Elf:3    | Lost mutation: You expend magic power (3 MP) to strengthen
                  | your wands. [potion of mutation]
 50334 | Elf:3    | Lost mutation: Your mind is acute. (Int +2) [potion of
                  | mutation]
 50334 | Elf:3    | Lost mutation: Your body sometimes deteriorates upon taking
                  | damage. [potion of mutation]
 50334 | Elf:3    | Gained mutation: Your body sometimes deteriorates upon
                  | taking damage. [potion of mutation]
 50334 | Elf:3    | Gained mutation: Your spells are a little harder to cast,
                  | but a little more powerful. [potion of mutation]
 50335 | Elf:3    | Lost mutation: Your spells are a little harder to cast, but
                  | a little more powerful. [potion of mutation]
 50335 | Elf:3    | Lost mutation: You passively map a small area around you.
                  | [potion of mutation]
 50335 | Elf:3    | Gained mutation: Your body often deteriorates upon taking
                  | damage. [potion of mutation]
 50335 | Elf:3    | Gained mutation: You have large cloven feet. [potion of
                  | mutation]
 50335 | Elf:3    | Gained mutation: You expend magic power (3 MP) to
                  | strengthen your wands. [potion of mutation]
 50336 | Elf:3    | Lost mutation: You expend magic power (3 MP) to strengthen
                  | your wands. [potion of mutation]
 50336 | Elf:3    | Lost mutation: Your body often deteriorates upon taking
                  | damage. [potion of mutation]
 50336 | Elf:3    | Lost mutation: You have large cloven feet. [potion of
                  | mutation]
 50336 | Elf:3    | Gained mutation: You are clumsy. (Dex -2) [potion of
                  | mutation]
 50336 | Elf:3    | Gained mutation: You are somewhat resistant to further
                  | mutation. [potion of mutation]
 50336 | Elf:3    | Lost mutation: You are somewhat resistant to further
                  | mutation. [potion of mutation]
 50336 | Elf:3    | Gained mutation: You are covered in fur. (AC +1) [potion of
                  | mutation]
 50337 | Elf:3    | Lost mutation: Your body sometimes deteriorates upon taking
                  | damage. [potion of mutation]
 50337 | Elf:3    | Lost mutation: You are clumsy. (Dex -2) [potion of
                  | mutation]
 50337 | Elf:3    | Gained mutation: You are strong-willed. (Will+) [potion of
                  | mutation]
 50337 | Elf:3    | Gained mutation: You have large cloven feet. [potion of
                  | mutation]
 50617 | Elf:3    | Found Gakicw's Book Shoppe.
 50617 | Elf:3    | Found Kanuzeco's Jewellery Shop.
 50648 | Elf:3    | Found Sinali's Jewellery Shop.
 51341 | Elf:3    | Received a gift from Trog
 51788 | Elf:3    | Found the +10 zealot's sword {holy, *Rage rN+ EV+3}
 51867 | Elf:3    | Identified the ring "Souwoimou" {rPois rCorr Stlth+}
 51874 | Elf:3    | Identified the ring of Wafaymus {Drain rF+++ Str-2 Int+6
                  | Dex+10}
 51876 | Elf:3    | Identified the ring of Xom's Amusement {rElec rPois rF+ rN+
                  | Stlth+}
 51888 | Elf:3    | Identified the ring "Xywnink" {Ice Slay+3}
 51980 | Elf:3    | Reached skill level 24 in Fighting
 52146 | Elf:3    | Bought the ring of the Hero {rCorr Int+2 Dex+2} for 672
                  | gold pieces
 52991 | Crypt:1  | Entered Level 1 of the Crypt
 53174 | Crypt:1  | Paralysed by a vampire knight for 5 turns
 53493 | Crypt:1  | Reached XP level 23. HP: 229/229 MP: 22/22
 53661 | Crypt:1  | Identified the +6 short sword of Change {vorpal, Int+5}
 53793 | Crypt:1  | Received a gift from Trog
 54896 | Crypt:2  | Received a gift from Trog
 55608 | Vaults:5 | Entered Level 5 of the Vaults
 55801 | Vaults:5 | Identified the +4 mace of Joyful Slaughter {vorpal, rC+
                  | rCorr}
 55843 | Vaults:5 | Noticed an ancient lich
 55858 | Vaults:5 | Killed an ancient lich
 56034 | Vaults:5 | Noticed an ancient lich
 56047 | Vaults:5 | Killed an ancient lich
 56048 | Vaults:5 | Reached skill level 25 in Fighting
 56111 | Vaults:5 | Identified the ring of Noanuxot {Fly rC+ Str+4 Int+3}
 56124 | Vaults:5 | Noticed Margery
 56147 | Vaults:5 | Killed Margery
 56239 | Vaults:5 | Identified the amulet "Riafeuvi" {rF+ rC+ rN++ Regen+
                  | Dex+4}
 56341 | Vaults:5 | Received a gift from Trog
 56608 | Vaults:5 | Reached XP level 24. HP: 242/243 MP: 22/22
 57206 | Vaults:5 | Found the +2 hood of the Assassin {Detection Stab+ Stlth++}
 57250 | Vaults:5 | Noticed Saint Roka
 57270 | Vaults:5 | Killed Saint Roka
 57459 | Vaults:5 | Received a gift from Trog
 57479 | Vaults:5 | Identified the +3 hand axe "Hydra's Foe" {protect, Fly rC-
                  | rN++ Dex+4}
 57499 | Vaults:5 | Acquired the ring "Irusm" {rF+++ Will+ Dex-5}
 57875 | Vaults:5 | Got a silver rune of Zot
 57932 | Vaults:5 | Identified the +5 battleaxe of Evangaonn {speed, Contam rF+
                  | rC+ rN+++}
 58621 | Crypt:3  | Entered Level 3 of the Crypt
 59156 | Crypt:3  | Reached skill level 26 in Fighting
 59816 | Crypt:3  | Noticed Khufu
 59816 | Crypt:3  | Noticed a royal mummy
 59827 | Crypt:3  | Killed a royal mummy
 59833 | Crypt:3  | Killed Khufu
 60030 | Crypt:3  | Found a staircase to the Tomb.
 60288 | Crypt:3  | Found an ancient bone altar of Kikubaaqudgha.
 60876 | Crypt:3  | Received a gift from Trog
 60921 | Crypt:3  | Noticed Frederick
 61003 | Crypt:3  | Killed Frederick
 61805 | Depths:4 | Reached XP level 25. HP: 199/255 MP: 22/22
 62638 | Depths:4 | Found a white marble altar of Elyvilon.
 63082 | Depths:4 | Found a gate to the Realm of Zot.
 63350 | Zot:1    | Entered Level 1 of the Realm of Zot
 63687 | Zot:1    | Reached skill level 27 in Fighting
 63954 | Zot:1    | Noticed an orb of fire
 63956 | Zot:1    | Gained mutation: You are frail. (-10% HP) [an orb of fire]
 63958 | Zot:1    | Gained mutation: Armour fits poorly on your strangely
                  | shaped body. [an orb of fire]
 63978 | Zot:1    | Gained mutation: You are very frail. (-20% HP) [an orb of
                  | fire]
 63983 | Zot:1    | Killed an orb of fire
 64366 | Zot:1    | Received a gift from Trog
 66479 | Zot:2    | Identified the +10 war axe of the Wheel {vorpal, rElec
                  | rPois rN+ Dex+3} (Trog gifted it to you on level 2 of the
                  | Realm of Zot)
 66479 | Zot:2    | Received a gift from Trog
 66921 | Zot:3    | Reached XP level 26. HP: 166/212 MP: 22/22
 68440 | Zot:3    | Received a gift from Trog
 68661 | Zot:3    | Identified the +7 bardiche "Lehykhli" {holy, rN+ MP-9
                  | Dex+3}
 68706 | Zot:3    | Identified the ring of Midsummer {rF- AC+4 Str+2 Dex+4}
 70171 | Zot:4    | Received a gift from Trog
 71067 | Zot:5    | Entered Level 5 of the Realm of Zot
 71195 | Zot:5    | Identified the +10 hand axe "Muxtefolukh" {vamp, rC+ rN+
                  | Stlth+}
 72195 | Zot:5    | Noticed a dread lich
 72221 | Zot:5    | Killed a dread lich
 72479 | Zot:5    | Noticed an orb of fire
 72482 | Zot:5    | Gained mutation: You have hidden genetic defects. [an orb
                  | of fire]
 72497 | Zot:5    | Noticed an orb of fire
 72499 | Zot:5    | Killed an orb of fire
 72511 | Zot:5    | Gained mutation: You occasionally shout uncontrollably at
                  | your foes. [an orb of fire]
 72528 | Zot:5    | Gained mutation: Your magical capacity is low. (-10% MP)
                  | [an orb of fire]
 72531 | Zot:5    | Lost mutation: You have hidden genetic defects. [an orb of
                  | fire]
 72534 | Zot:5    | Killed an orb of fire
 72811 | Zot:5    | Reached XP level 27. HP: 211/218 MP: 19/19
 72954 | Zot:5    | Received a gift from Trog
 72998 | Zot:5    | Noticed an orb of fire
 73003 | Zot:5    | Noticed a dread lich
 73003 | Zot:5    | Noticed an orb of fire
 73012 | Zot:5    | Gained mutation: Your body sometimes deteriorates upon
                  | taking damage. [an orb of fire]
 73019 | Zot:5    | Killed an orb of fire
 73019 | Zot:5    | HP: 12/327 [Ice Fiend/bolt of cold[a dread lich] (37)]
 73021 | Zot:5    | HP: 5/327 [constriction (3)]
 73024 | Zot:5    | Killed an orb of fire
 73032 | Zot:5    | HP: 9/218 [Killer Klown/+9 club of freezing (9)]
 73229 | Zot:5    | Killed a dread lich
 73414 | Zot:5    | Noticed a dread lich
 73435 | Zot:5    | Killed a dread lich
 73644 | Zot:5    | Lost mutation: Your body sometimes deteriorates upon taking
                  | damage. [potion of mutation]
 73644 | Zot:5    | Lost mutation: Your magical capacity is low. (-10% MP)
                  | [potion of mutation]
 73645 | Zot:5    | Lost mutation: You have large cloven feet. [potion of
                  | mutation]
 73645 | Zot:5    | Lost mutation: Armour fits poorly on your strangely shaped
                  | body. [potion of mutation]
 73645 | Zot:5    | Gained mutation: You are highly strong-willed. (Will++)
                  | [potion of mutation]
 73645 | Zot:5    | Lost mutation: You are covered in fur. (AC +1) [potion of
                  | mutation]
 73645 | Zot:5    | Gained mutation: You have a somewhat thin skeletal
                  | structure. (Dex +2, Stealth+) [potion of mutation]
 74028 | D:15     | Bought a potion of mutation for 144 gold pieces
 74028 | D:15     | Bought 2 potions of mutation for 288 gold pieces
 74028 | D:15     | Bought a potion of mutation for 144 gold pieces
 75045 | Elf:3    | Bought a wand of digging (15) for 646 gold pieces
 75045 | Elf:3    | Bought a wand of digging (15) for 646 gold pieces
 75045 | Elf:3    | Bought a wand of digging (15) for 646 gold pieces
 76255 | Zot:5    | Got the Orb of Zot
 76619 | D:12     | Noticed Cuqup the pandemonium lord
 76716 | D:5      | Noticed Gejoh the pandemonium lord
 76857 | D:$      | Escaped with the Orb!

Illustrated notes

Levels and vault maps discovered:
D:1:      amcnicky_arrival_feature_with_door, layout_basic,
          ebering_ecumenical_altar_abandoned
D:2:      minmay_roachtagon, layout_loops_corners
D:3:      layout_basic, nicolae_overflow_crystal_walls, serial_shops, shop,
          nicolae_shop_behind_doors, ebering_dispersal_statue_hall
D:4:      layout_rooms, lemuel_temple_firewalk_a, corner_web_ring
D:5:      layout_basic, mainiacjoe_overflow_alcove_1, minitemple, serial_shops,
          kennysheep_mini_moat
D:6:      layout_basic, mainiacjoe_overflow_divided_tiny, serial_bayou,
          serial_bayou_shore_a, serial_bayou_crossing, serial_bayou_pond_d,
          serial_bayou_ford_a
D:7:      layout_cave_pods, marbit_many_paths, hellmonk_ghost_happy_afterlife
D:8:      layout_basic, minmay_crystal_water
D:9:      layout_basic, mainiacjoe_overflow_chevrons, hiddenorc2_lemuel,
          serial_ice, serial_ice_f, serial_ice_n, serial_ice_m, serial_ice_j,
          serial_ice_h, serial_ice_o, serial_ice_b, serial_ice_c, serial_ice_a,
          serial_ice_e
D:10:     minmay_shrinking_squares, layout_gridville
D:11:     layout_roguey, lair_entry_dummy
D:12:     layout_rooms, special_room [special_room_orc]
D:13:     layout_loops_corners, ximxim_vaults_locker_room,
          nicolae_vehumet_altar_sigil
D:14:     layout_stronghold, gauntlet_entry_generic, minmay_misc_feat_square,
          uniq_kirke
D:15:     grunt_enter_depths_magical_seal, layout_long_grid, serial_shops,
          nicolae_shop_crystal, nicolae_gozag_cash_rules_everything_around_me
Lair:1:   layout_roguey, grunt_megastairs_3, lemuel_fruit_fields,
          lemuel_fruit_fields, uniq_grum
Lair:2:   layout_regular_city, grunt_megastairs_5
Lair:3:   layout_gridlike, nicolae_swamp_entry_splash_gauntlet,
          wad_woods_road_05, serial_bayou_shore_b, lemuel_fruit_fields
Lair:4:   layout_big_grid, spider_nest_entry_rubble, basic_altar, st_stairs_11
Lair:5:   layout_gridlike, minmay_slime_entry_oklob_enclosed, lookout_lair_type,
          nzn_masters_of_martial_movement
Lair:6:   gammafunk_lair_ancient_temple, layout_misc_corridors,
          ebering_ghost_funeral_grove, enter_volcano_3, lemuel_fruit_fields,
          serial_bayou_shore_b, serial_bayou_shore_b
Swamp:1:  layout_basic_swamp, evilmike_swamp_ruin_house_5,
          nicolae_swamp_super_fun_site
Swamp:2:  layout_basic_swamp, nicolae_swamp_some_circles
Swamp:3:  layout_basic_swamp, nicolae_swamp_very_dense_foliage, swamp_pool1,
          uniq_bai_suzhen
Swamp:4:  byrel_swamp_growth_death_and_undeath, layout_basic_swamp, uniq_roxanne
Spider:1: nicolae_spider_hilbert_zone_4 [nicolae_spider_hilbert_4_sides_2_open,
          nicolae_spider_hilbert_4_sides_1_open,
          nicolae_spider_hilbert_4_sides_1_open,
          nicolae_spider_hilbert_4_sides_1_open,
          nicolae_spider_hilbert_4_sides_1_open,
          nicolae_spider_hilbert_2_sides_1_open,
          nicolae_spider_hilbert_2_sides_1_open,
          nicolae_spider_hilbert_2_sides_1_open,
          nicolae_spider_hilbert_2_sides_1_open,
          nicolae_spider_hilbert_6_sides_1_open,
          nicolae_spider_hilbert_6_sides_1_open,
          nicolae_spider_hilbert_3_sides_1_open,
          nicolae_spider_hilbert_3_sides_1_open]
Spider:2: layout_spider_delve
Spider:3: layout_spider_delve, ebering_ghost_inner_flame, uniq_donald
Spider:4: spider_rune_water, nicolae_spider_eight_legs, uniq_arachne
Orc:1:    layout_caves, nicolae_orc_damp_corner, nicolae_orc_sculptors_studio
Orc:2:    grunt_orc_gardens, layout_diamond_mine, grunt_orc_garden,
          grunt_orc_garden, grunt_orc_garden, grunt_orc_garden, serial_shops,
          nicolae_shop_temple_entry_statues_fountains, basic_altar,
          nicolae_orc_lava_tube
Elf:1:    layout_loops_cross, orc_legates
Elf:2:    elven_hall_of_blades_hangedman_original [nicolae_blade_tridents],
          layout_rooms, serial_shops, shop, shop
Elf:3:    minmay_elf_hall_statues, layout_geoelf_grid, basic_altar,
          nicolae_shop_overcharged_wands, minmay_shop_grove
Vaults:1: ontoclasm_vaults_spin, nicolae_vaults_twisting_passages, v_misc_2,
          v_misc_31, ontoclasm_vaults_pinch, v_rooms_1, vaults_room_large_hall,
          serial_ice_m, hangedman_vaults_capsules,
          nicolae_vaults_little_squares_5, vaults_dpeg_diagonal,
          layout_vaults_ring
Vaults:2: v_misc_12, minmay_crypt_entry_necro_gods, vaults_dpeg_spiral,
          hangedman_vaults_pinch, vaults_room_fours,
          vaults_standard_mumra_lines, special_room_vaults [special_room_orc],
          vaults_standard_mumra_enter_the_diamond,
          nicolae_vaults_border_crossing, ontoclasm_vaults_ring_square,
          vaults_dpeg_ring, grunt_vaults_hallway_short, layout_vaults_omnibox
Vaults:3: ebering_ghost_disaster_area, gammafunk_sealed_arena, v_misc_17,
          ontoclasm_vaults_twist, v_misc_27, vaults_dpeg_doors,
          nicolae_vaults_ring_of_whatevers, v_misc_25, v_misc_23,
          grunt_vaults_hallway_short, layout_vaults_omnigrid
Vaults:4: ontoclasm_vaults_ring_small, grunt_vaults_hallway_long, v_pattern_1,
          vaults_standard_mumra_x, v_misc_33, vaults_room_fours,
          vaults_room_door_ring, nicolae_vaults_shelves_hall,
          grunt_vaults_swirl, nicolae_vaults_quartermaster,
          hangedman_vaults_slice, layout_vaults_omnicross, serial_shops,
          shop_fountains, nicolae_shop_temple_entry_statues_fountains,
          uniq_xtahua
Vaults:5: uniq_saint_roka, uniq_margery
Crypt:1:  layout_basic, st_stairs_4, minicrypt_bobbens
Crypt:2:  layout_regular_city, grunt_ministairs_14, lemuel_upstairs_altar
Crypt:3:  church_of_pain_bobbens, layout_chaotic_city,
          tomb_entry_sphere_bobbens, uniq_khufu, uniq_frederick
Depths:1: layout_honeycomb, enter_ziggurat_f, nicolae_ru_awakened_eye,
          pf_coc_iceberg, minmay_shop_grid_forest, tgw_xom
Depths:2: nooodl_glass_maze, layout_cave_pools, kennysheep_flooded_box,
          special_room [special_room_morgue], hell_entry, pan_entry,
          infiniplex_staircase_river
Depths:3: minmay_skeleton_keep, layout_cave_pools,
          abyss_entry_small_statue_room, hangedman_geh_valley,
          infiniplex_staircase_door_maze
Depths:4: grunt_bruiser_brothers, layout_gridlike, abyss_entry_glasseish,
          pan_entry, elyvilon_altar_5, hell_entry, kennysheep_kite_vault
Zot:1:    lemuel_acid_trip, layout_cathedral_of_symmetry
Zot:2:    layout_twisted_circle, st_small_dragon_hoard_3, st_stairs_6
Zot:3:    layout_cathedral_of_symmetry, st_large_dragon_hoard_4
Zot:4:    layout_gridlike, grunt_megastairs_4
Zot:5:    layout_gridlike

Skill      XL: |  1  2  3  4  5  6  7  8  9 10 11 12 13 14 15 16 17 18 19 20 21 22 23 24 25 26 27 |
---------------+----------------------------------------------------------------------------------+-----
Axes           | 4 5 6 7 8 9 10 12 13 15 16 17 18 19 20 22 24 25 | 25.4
Fighting       | 4 5 6 7 8 9 10 11 12 13 14 15 16 19 21 22 24 25 26 27 | 27.0
Throwing       | 1 3 4 5 7 8 10 11 12 14 16 17 18 20 21 | 21.2
Evocations     | 1 2 4 6 7 9 10 11 12 13 14 15 16 17 | 17.7
Armour         | 7 9 11 12 13 14 15 16 17 18 19 20 21 22 23 | 23.3
Dodging        | 6 9 10 11 12 13 14 15 16 17 18 19 20 21 | 21.7
Shields        | 1 6 10 12 14 15 16 18 | 18.8

Action                   |  1- 3 |  4- 6 |  7- 9 | 10-12 | 13-15 | 16-18 | 19-21 | 22-24 | 25-27 || total
-------------------------+-------+-------+-------+-------+-------+-------+-------+-------+-------++-------
Melee: Hand axe          |    55 |    49 |       |     3 |  1265 |  1575 |       |       |       ||  2947
       Headbutt          |     9 |    23 |    52 |   144 |   403 |   541 |   407 |   731 |   608 ||  2918
       Punch             |     1 |     1 |     4 |     4 |    22 |     1 |       |       |       ||    33
       Spear             |       |   110 |   272 |   452 |       |       |       |       |       ||   834
       Battleaxe         |       |       |       |   171 |       |       |       |       |       ||   171
       Broad axe         |       |       |       |    83 |   123 |   125 |  1378 |  2122 |  1674 ||  5505
       Unarmed           |       |       |       |       |       |       |       |       |    14 ||    14
Throw: Stone             |       |    41 |    61 |   192 |   230 |    20 |       |       |       ||   544
       Dart              |       |       |     3 |    23 |     5 |   191 |     6 |     1 |       ||   229
       Boomerang         |       |       |       |       |    35 |    85 |       |    11 |    44 ||   175
       Javelin           |       |       |       |       |       |       |       |     1 |       ||     1
Invok: Berserk           |     1 |     1 |     2 |     5 |     3 |     7 |     2 |       |     6 ||    27
       Trog's Hand       |       |       |     1 |     5 |     7 |     7 |     5 |     7 |     2 ||    34
       Brothers in Arms  |       |       |       |       |     5 |     3 |     4 |     9 |     4 ||    25
Evoke: Wand              |       |       |       |     2 |    10 |     3 |       |     1 |     9 ||    25
  Use: Scroll            |       |       |     8 |    15 |    11 |    19 |     2 |    16 |    11 ||    82
       Potion            |       |       |       |       |     4 |     2 |     2 |    10 |     7 ||    25
 Stab: Petrified         |       |       |       |     3 |       |       |       |       |       ||     3
       Petrifying        |       |       |       |     2 |       |       |       |       |       ||     2
       Distracted        |       |       |       |       |     1 |       |     3 |     4 |     2 ||    10
Armor: Animal skin       |    13 |       |       |       |       |       |       |       |       ||    13
       Leather armour    |       |     7 |       |       |       |       |       |       |       ||     7
       Chain mail        |       |    24 |    42 |       |       |       |       |       |       ||    66
       Plate armour      |       |       |    27 |   441 |  1024 |   991 |   414 |   745 |   839 ||  4481
Dodge: Dodged            |    41 |    53 |    96 |   359 |   702 |   766 |   465 |   743 |   665 ||  3890
       Repelled          |       |       |       |       |       |    10 |    26 |    26 |       ||    62
Block: Kite shield       |       |       |       |       |       |  1136 |  1054 |  1598 |  1105 ||  4893
       Reflection        |       |       |       |       |       |    39 |    76 |    45 |       ||   160
